 Dungeon Crawl Stone Soup version 0.24-b1 (webtiles) character file.

Game seed: 15504281015258090937, levelgen mode: deterministic

64366 Blackhawk the Grappler (level 14, -10/140 HPs)
             Began as a Troll Monk on Oct 12, 2019.
             Was the Champion of Elyvilon.
             Mangled by a large slime creature (16 damage)
             ... on level 14 of the Dungeon.
             The game lasted 00:49:46 (22967 turns).

Blackhawk the Grappler (Troll Monk)                Turns: 22967, Time: 00:49:47

Health: -10/140    AC: 11    Str: 26    XL:     14   Next: 71%
Magic:  19/19      EV: 11    Int:  6    God:    Elyvilon [******]
Gold:   983        SH: 19    Dex: 14    Spells: 13/13 levels left

rFire    + . .     SeeInvis .     - Unarmed
rCold    + . .     Gourm    +   K - +1 large shield
rNeg     . . .     Faith    .   T - +2 troll leather armour {Snorg}
rPois    .         Spirit   .   (helmet restricted)
rElec    .         Reflect  .   H - scarf {rC+ rF+}
rCorr    .         Harm     .   (gloves unavailable)
MR       ++...                  (boots unavailable)
Stlth    +.........             J - amulet of magic regeneration
HPRegen  1.13/turn              x - +2 ring of strength
MPRegen  0.41/turn              w - ring of protection from magic

@: lightly drained
A: large, unfitting armour, claws 3, fast metabolism 3, gourmand, regeneration
1, shaggy fur 1, tough skin 3
a: Lesser Healing, Heal Other, Purification, Greater Healing, Divine Vigour,
Divine Protection, Renounce Religion


You were on level 14 of the Dungeon.
You worshipped Elyvilon.
Elyvilon was exalted by your worship.
You were completely stuffed.

You visited 2 branches of the dungeon, and saw 21 of its levels.

You collected 983 gold pieces.

Inventory:

Hand Weapons
 b - a +1 scimitar of flaming
Missiles
 h - 2 throwing nets (quivered)
Armour
 n - a +2 cloak
 H - a scarf of resistance (worn)
 K - a +1 large shield (worn)
 Q - a +2 robe of fire resistance
 T - a +2 troll leather armour (worn) {Snorg}
 U - +0 acid dragon scales
Jewellery
 o - a +4 ring of dexterity {unknown}
 w - a ring of protection from magic (right claw)
 x - a +2 ring of strength (left claw)
 F - an uncursed ring of positive energy {unknown}
 G - an uncursed ring of protection from magic
 J - an amulet of magic regeneration (around neck)
 L - an uncursed ring of fire
 N - a +4 ring of protection {unknown}
 V - an uncursed ring of protection from fire {unknown}
Wands
 i - a wand of digging (1)
 u - a wand of disintegration (47)
 y - a wand of paralysis (6)
 B - a wand of polymorph (25)
 O - a wand of iceblast (27)
 S - a wand of scattershot (5)
Scrolls
 a - 3 scrolls of fear
 c - 7 scrolls of teleportation
 g - a scroll of brand weapon
 j - 21 scrolls of identify
 m - 3 scrolls of immolation
 q - 2 scrolls of amnesia
 r - 4 scrolls of magic mapping
 E - 9 scrolls of remove curse
 R - a scroll of fog
Potions
 d - a potion of mutation {unknown}
 e - 2 potions of lignification {unknown}
 f - 2 potions of berserk rage {unknown}
 k - 2 potions of brilliance {unknown}
 l - 2 potions of might {unknown}
 p - a potion of magic {unknown}
 s - a potion of invisibility
 t - 2 potions of degeneration {unknown}
 v - 2 potions of cancellation {unknown}
 z - 3 potions of ambrosia {unknown}
 A - 3 potions of haste {unknown}
 C - 4 potions of heal wounds {unknown}
 D - 2 potions of flight {unknown}
Miscellaneous
 I - a box of beasts
 M - a lightning rod (4/4)
Comestibles
 P - 37 rations
 W - 5 chunks of flesh


   Skills:
 + Level 9.4(8.8) Fighting
 + Level 9.1(8.4) Armour
 - Level 6.6(6.0) Dodging
 - Level 1.2(0.7) Stealth
 * Level 9.4(8.8) Shields
 * Level 14.7(13.9) Unarmed Combat
 + Level 8.2(7.5) Invocations


You had 13 spell levels left.
You didn't know any spells.
Your spell library contained the following spells:

 Spells                   Type           Power        Failure   Level  Hunger
 Beastly Appendage        Tmut           #.....       91%         1    ##.....
 Sandblast                Erth           #.....       91%         1    ##.....
 Passwall                 Tmut/Erth      #.......     97%         2    ###....
 Sticks to Snakes         Tmut           #.......     97%         2    ###....
 Spider Form              Tmut/Pois      #.........   99%         3    ####...
 Stone Arrow              Conj/Erth      #.....       99%         3    ####...
 Cause Fear               Hex            #.........   100%        4    #####..
 Ice Form                 Ice/Tmut       #.......     100%        4    #####..
 Petrify                  Tmut/Erth      #.......     100%        4    #####..
 Blade Hands              Tmut           #.........   100%        5    ######.
 Bolt of Magma            Conj/Fire/Erth #.........   100%        5    ######.
 Iskenderun's Battlesphe  Conj/Chrm      #.......     100%        5    ######.
 Lee's Rapid Deconstruct  Erth           #.........   100%        5    ######.
 Silence                  Hex/Air        #.........   100%        5    ######.
 Venom Bolt               Conj/Pois      #.........   100%        5    ######.
 Yara's Violent Unravell  Hex/Tmut       #.........   100%        5    ######.
 Deflect Missiles         Chrm/Air       #.........   100%        6    #######
 Iron Shot                Conj/Erth      #.........   100%        6    #######
 Orb of Destruction       Conj           #.........   100%        7    #######
 Spellforged Servitor     Conj/Summ      #.........   100%        7    #######
 Discord                  Hex            #.........   100%        8    #######


Dungeon Overview and Level Annotations

Branches:
Dungeon (15/15)            Temple (0/1) D:7            Lair (6/6) D:11
  Snake (0/4) Lair:4          Orc (0/2) D:10         Vaults (0/5) D:13
  Swamp: Lair:2-4    Shoals: Lair:2-4     Slime: Lair:5-6    Depths: D:15

Altars:
Ashenzari
Elyvilon
Gozag
Hepliaklqana
Kikubaaqudgha
Okawaru
Sif Muna
Trog
Wu Jian
Xom
Yredelemnul
Zin
The Shining One

Shops:
D:13 ?

Annotations:
D:7 exclusion: plant
D:11 exclusion: 2 downstairs
D:12 1 exclusion
Lair:1 exclusion: 4 oklob plants
Lair:3 1 exclusion
Lair:5 3 runed translucent doors, Goxiw's ghost, journeyman DEEE


Innate Abilities, Weirdness & Mutations

You are too large for most types of armour.
You have claws for hands.
Your metabolism is lightning-fast.
You like to eat raw meat.
Your natural rate of healing is unusually fast.
You are covered in fur. (AC +1)
You have extremely tough skin. (AC +3)


Message History

You block the two-headed ogre's attack. x2
You mangle the two-headed ogre!!
The two-headed ogre is heavily wounded.
You mangle the two-headed ogre!!
The two-headed ogre is almost dead.
The large slime creature closely misses you.
You block the two-headed ogre's attack.
The two-headed ogre hits you with a +0 giant club.
You claw the two-headed ogre!
You kill the two-headed ogre!
The large slime creature hits you!!! You block the bullfrog's attack.
You closely miss the bullfrog. The large slime creature hits you!!!
* * * LOW HITPOINT WARNING * * *
You block the bullfrog's attack.
You scratch the bullfrog.
The bullfrog is lightly wounded.
The bullfrog hits you.
* * * LOW HITPOINT WARNING * * *
The large slime creature hits you!
You die...

############ #.>........#
#..........# #..........#
###### #..........#
#....#########..........#
#....>).{J@F............#
#....#########.(........#
#......#######(.........#
#####.....#....(..........###
#.##.............#####.##....
#.#...............####....##(
#............(....##....#....
#...............(.#..####..##
#.#.................#####...#


You could see a large slime creature and a bullfrog.

Vanquished Creatures
  Kirke (D:13)
  Snorg (D:12)
  Josephine (D:14)
  2 hydras
  Erica (D:11)
  A vault guard (D:13)
  4 centaur warriors
  A catoblepas (Lair:6)
  11 two-headed ogres
  2 tengu warriors
  Nergalle (D:10)
  Urug (Lair:2)
  3 skeletal warriors
  An orc knight (D:10)
  A necromancer (D:13)
  An orc sorcerer (D:10)
  4 ugly things (D:13)
  A deep elf mage (D:12)
  6 elephants
  4 manticores
  2 centaur zombies
  Joseph (D:8)
  A torpor snail (Lair:5)
  Psyche (D:8)
  8 black mambas
  2 gargoyles
  3 centaur skeletons
  9 spiny frogs
  6 komodo dragons
  A freezing wraith (D:14)
  A redback zombie (D:14)
  An efreet (D:12)
  4 tengu conjurers
  2 trolls (D:14)
  2 polar bears
  20 slime creatures
  4 blink frogs (Lair:5)
  8 hippogriffs
  2 vampires
  A shadow (D:11)
  2 wyverns
  5 hogs
  A spriggan (shapeshifter) (D:14)
  7 wraiths
  A human (D:9)
  27 yaks
  7 vampire mosquitoes (D:14)
  A steam dragon (D:8)
  3 wargs (D:11)
  2 acid dragons
  14 water moccasins
  4 orc warriors
  12 porcupines
  2 ice beasts
  2 eyes of draining
  A black bear (D:10)
  5 phantoms
  7 ogres
  3 sky beasts
  23 wolves
  2 centaurs
  11 crocodiles
  A big kobold (D:13)
  15 bullfrogs
  3 wyvern zombies
  A wyvern skeleton (D:13)
  3 scorpions
  13 killer bees
  5 wights (D:11)
  An electric eel (D:7)
  7 crimson imps
  5 hounds
  A jelly (D:6)
  8 orc priests
  2 bullfrog skeletons
  8 orc wizards
  Jessica (D:2)
  6 iguanas
  11 worker ants
  3 yak simulacra (D:13)
  A killer bee zombie (D:6)
  5 wolf simulacra (D:13)
  2 hound skeletons
  A worker ant zombie (D:9)
  4 gnolls (D:8)
  24 adders
  A shadow imp (D:12)
  2 oozes
  2 adder skeletons
  A worm (D:3)
  4 dart slugs
  7 leopard geckos
  37 orcs
  A ball python (Lair:4)
  A bat (D:2)
  A giant cockroach (D:2)
  10 hobgoblins
  22 jackals
  14 kobolds
  6 quokkas
  A ball python skeleton (D:4)
  4 frilled lizards
  5 goblins
  A leopard gecko zombie (D:9)
  8 rats
  3 river rat simulacra (D:13)
531 creatures vanquished.

Vanquished Creatures (others)
  6 humans (D:13)
  11 fungi
  43 plants
60 creatures vanquished.

Grand Total: 591 creatures vanquished

Notes
Turn   | Place    | Note
-------+----------+-------------------------------------------
     0 | D:1      | Blackhawk the Troll Monk began the quest for the Orb.
     0 | D:1      | Reached XP level 1. HP: 22/22 MP: 0/0
    73 | D:1      | Reached XP level 2. HP: 29/29 MP: 1/1
   456 | D:1      | Reached XP level 3. HP: 36/36 MP: 2/2
  1056 | D:2      | Reached XP level 4. HP: 38/44 MP: 3/3
  1120 | D:2      | Noticed Jessica
  1124 | D:2      | Killed Jessica
  1124 | D:2      | Reached skill level 1 in Armour
  1195 | D:2      | Found an ancient bone altar of Kikubaaqudgha.
  1231 | D:2      | Found a faded altar of an unknown god.
  1501 | D:2      | Became a worshipper of Elyvilon the Healer
  1501 | D:2      | Reached * piety under Elyvilon
  1501 | D:2      | Reached ** piety under Elyvilon
  1793 | D:3      | Reached *** piety under Elyvilon
  1808 | D:3      | Reached XP level 5. HP: 53/53 MP: 4/4
  2014 | D:3      | Reached skill level 4 in Unarmed Combat
  2157 | D:3      | Found a shattered altar of Ashenzari.
  2481 | D:3      | Reached **** piety under Elyvilon
  2699 | D:4      | Reached XP level 6. HP: 59/61 MP: 5/5
  3096 | D:5      | Entered Level 5 of the Dungeon
  3134 | D:5      | Found an opulent altar of Gozag.
  3396 | D:5      | Noticed a sky beast
  3420 | D:5      | Killed a sky beast
  3420 | D:5      | Reached skill level 5 in Unarmed Combat
  3502 | D:5      | Reached ***** piety under Elyvilon
  3646 | D:5      | Found a shimmering altar of Xom.
  3785 | D:5      | Reached XP level 7. HP: 66/68 MP: 6/6
  4076 | D:6      | Found a bloodstained altar of Trog.
  4151 | D:6      | Found a glowing silver altar of Zin.
  4600 | D:6      | Found an iron altar of Okawaru.
  4702 | D:7      | Found a staircase to the Ecumenical Temple.
  4752 | D:7      | Reached skill level 6 in Unarmed Combat
  4806 | D:7      | Reached XP level 8. HP: 19/78 MP: 5/7
  4951 | D:7      | Found a white marble altar of Elyvilon.
  5094 | D:7      | Noticed a hippogriff
  5107 | D:7      | Killed a hippogriff
  5309 | D:7      | Reached skill level 7 in Unarmed Combat
  5681 | D:8      | Noticed a two-headed ogre
  5773 | D:8      | Reached skill level 5 in Fighting
  5786 | D:8      | Reached skill level 5 in Dodging
  5950 | D:8      | Reached XP level 9. HP: 88/88 MP: 8/8
  6134 | D:8      | Found a hazy altar of Hepliaklqana.
  6148 | D:8      | Reached skill level 8 in Unarmed Combat
  6168 | D:8      | Noticed a two-headed ogre
  6179 | D:8      | Killed a two-headed ogre
  6340 | D:8      | Killed a two-headed ogre
  6340 | D:8      | Reached skill level 5 in Armour
  6340 | D:8      | Reached skill level 9 in Unarmed Combat
  6340 | D:8      | Reached skill level 1 in Invocations
  6522 | D:8      | Noticed Psyche
  6580 | D:8      | Killed Psyche
  6580 | D:8      | Reached XP level 10. HP: 72/98 MP: 10/10
  6740 | D:8      | Found an ornate altar of the Wu Jian Council.
  6743 | D:8      | Noticed Joseph
  6760 | D:8      | Killed Joseph
  7047 | D:9      | Found a glowing golden altar of the Shining One.
  7222 | D:9      | Reached skill level 10 in Unarmed Combat
  7302 | D:9      | Reached ****** piety under Elyvilon
  7312 | D:9      | Found a white marble altar of Elyvilon.
  8092 | D:9      | Found a basalt altar of Yredelemnul.
  8092 | D:9      | Found a shimmering blue altar of Sif Muna.
  8403 | D:10     | Entered Level 10 of the Dungeon
  8469 | D:10     | Found a staircase to the Orcish Mines.
  8577 | D:10     | Reached skill level 1 in Shields
  8577 | D:10     | Reached XP level 11. HP: 94/107 MP: 12/12
  9145 | D:10     | Noticed Nergalle
  9292 | D:10     | Noticed a spectral orc warlord
  9298 | D:10     | Killed Nergalle
  9729 | D:11     | Reached skill level 11 in Unarmed Combat
  9741 | D:11     | Noticed Erica
  9974 | D:11     | Killed Erica
 10476 | D:11     | Found a staircase to the Lair.
 10495 | D:11     | Noticed an orc knight
 10496 | D:11     | Noticed an orc sorcerer
 11151 | D:10     | Killed an orc knight
 11233 | D:10     | Killed an orc sorcerer
 11539 | D:11     | Reached skill level 5 in Invocations
 11551 | D:12     | Noticed Snorg
 11880 | D:12     | Reached XP level 12. HP: 118/118 MP: 14/14
 11980 | D:12     | Noticed a two-headed ogre
 12022 | Lair:1   | Entered Level 1 of the Lair of Beasts
 12822 | Lair:2   | Noticed a seven-headed hydra
 12908 | Lair:2   | Noticed Urug
 12941 | Lair:1   | Reached skill level 12 in Unarmed Combat
 13068 | Lair:2   | Killed Urug
 13068 | Lair:2   | Reached skill level 5 in Shields
 13189 | Lair:2   | Noticed a six-headed hydra
 13424 | Lair:2   | Killed a 14-headed hydra
 14159 | Lair:2   | Elyvilon protects you from harm!
 14159 | Lair:2   | Elyvilon protects you from harm!
 14165 | Lair:2   | HP: 4/119 [five-headed hydra (7)]
 15329 | Lair:3   | Noticed a seven-headed hydra
 16108 | Lair:4   | Noticed a five-headed hydra
 16251 | Lair:4   | Found a staircase to the Snake Pit.
 16795 | Lair:4   | Reached XP level 13. HP: 71/127 MP: 16/16
 17353 | Lair:5   | Reached skill level 13 in Unarmed Combat
 17505 | Lair:5   | Noticed Goxiw's ghost (journeyman DEEE)
 17509 | Lair:5   | Noticed a minotaur
 17574 | Lair:5   | Found a runed translucent gate.
 17575 | Lair:5   | Found a runed translucent gate.
 17576 | Lair:5   | Found a runed translucent gate.
 18025 | Lair:6   | Entered Level 6 of the Lair of Beasts
 20161 | D:12     | Killed Snorg
 20430 | D:13     | Noticed Kirke
 20495 | D:13     | Killed Kirke
 20574 | D:13     | Reached XP level 14. HP: 85/137 MP: 18/18
 20647 | D:13     | Found Jillofeo's Magic Scroll Shop.
 20730 | D:13     | Reached skill level 14 in Unarmed Combat
 21078 | D:13     | Found a gate to the Vaults.
 21923 | D:14     | HP: 3/140 [large slime creature (22)]
 22468 | D:14     | Noticed Josephine
 22703 | D:15     | Entered Level 15 of the Dungeon
 22858 | D:14     | Killed Josephine
 22967 | D:14     | HP: 6/140 [bullfrog (3)]
 22967 | D:14     | Mangled by a large slime creature

Skill      XL: |  1  2  3  4  5  6  7  8  9 10 11 12 13 14 |
---------------+-------------------------------------------+-----
Dodging        | 3 4 5 6 |  6.6
Fighting       | 3 4 5 6 7 8 9 |  9.4
Armour         | 1 2 3 4 5 6 7 8 9 |  9.1
Unarmed Combat | 4 5 6 7 9 10 11 12 13 14 | 14.7
Invocations    | 1 3 5 6 7 8 |  8.2
Shields        | 1 4 6 8 9 |  9.4
Stealth        | |  1.2

Action                   |  1- 3 |  4- 6 |  7- 9 | 10-12 | 13-15 || total
-------------------------+-------+-------+-------+-------+-------++-------
Melee: Unarmed           |    92 |   193 |   209 |   905 |   806 ||  2205
       Punch             |       |     2 |    10 |    12 |       ||    24
       Scimitar          |       |       |       |     5 |     8 ||    13
Invok: Lesser Healing    |       |       |     1 |       |       ||     1
       Greater Healing   |       |       |       |     6 |     3 ||     9
       Divine Vigour     |       |       |       |       |     1 ||     1
Evoke: Wand              |       |       |     4 |     5 |       ||     9
  Use: Scroll            |       |       |       |    22 |       ||    22
 Stab: Sleeping          |     7 |     5 |     1 |     5 |     1 ||    19
       Distracted        |       |       |       |     2 |       ||     2
       Paralysed         |       |       |       |     7 |       ||     7
       Confused          |       |       |       |       |     1 ||     1
  Eat: Chunk             |    15 |    18 |    26 |    97 |    59 ||   215
       Ration            |       |       |     2 |       |       ||     2
Armor: Robe              |    30 |    69 |    41 |   155 |    30 ||   325
       Troll leather arm |       |       |       |       |    91 ||    91
Dodge: Dodged            |    40 |   107 |   100 |   269 |   213 ||   729
Block: Large shield      |       |       |       |   601 |   761 ||  1362
       Rpst.: Scimitar   |       |       |       |     1 |     1 ||     2
